Map: Catalizador EJ

Players

VortiX - Winner!

  • Race: Zerg Zerg
  • Spawn Location: 11:00

Stephano

  • Race: Zerg Zerg
  • Spawn Location: 5:00

Event: WCS Valencia 2018

VOD

Have the link to the VOD?

Description

Time

  • Played on: July 12, 2018, 7:20 a.m.
  • Length: 11:38

All games in this series

Show
View Real Time Build Order
Export as new Build Order

VortiX Zerg - Winner!

Build Orders: Pool First 

Get SALT Encoding   

  12  0:17  Spawning Pool  
  11  0:22  Drone  
  11  0:27  Drone  
  13  0:31  Drone  
  14  0:39  Overlord  
  14  1:04  Zergling x4  
  16  1:05  Zergling x2  
  17  1:15  Zergling x2  
  18  1:20  Hatchery  
  17  1:26  Zergling x2  
  18  1:37  Zergling x2, Queen  
  21  1:47  Overlord  
  21  2:00  Drone  
  22  2:10  Drone  
  23  2:23  Drone  
  23  2:24  Queen  
  23  2:33  Drone x2  
  23  2:40  Queen  
  23  2:43  Drone x2  
  26  2:52  Drone  
  26  2:57  Overlord  
  27  2:58  Drone x2  
  27  2:59  Drone  
  27  3:02  Queen  
  32  3:06  Zergling x2  
  32  3:08  Zergling x2  
  34  3:14  Extractor  
  34  3:15  Extractor, Drone  
  33  3:21  Drone x2  
  33  3:22  Drone  
  33  3:25  Drone  
  37  3:33  Drone x2  
  37  3:34  Drone x2  
  41  3:44  Roach Warren  
  41  3:46  Drone x2  
  42  3:51  Overlord  
  42  3:59  Metabolic Boost  
  42  4:00  Evolution Chamber  
  41  4:04  Drone  
  41  4:05  Drone  
  41  4:06  Drone  
  42  4:14  Evolution Chamber  
  42  4:16  Overlord  
  41  4:26  Overlord  
  41  4:31  Roach  
  41  4:32  Roach x2  
  41  4:36  Roach  
  49  4:41  Roach x3  
  55  4:47  Roach x3  
  61  4:57  Zergling x8  
  65  5:01  Zergling x2  
  65  5:02  Zergling x2  
  65  5:08  Zergling x4  
  65  5:09  Zergling x2  
  68  5:16  Overlord  
  68  5:27  Overlord  
  67  5:36  Overlord  
  67  5:37  Zergling x8  
  67  5:38  Zergling x6  
  72  5:48  Zergling x2  
  69  5:56  Zergling x2  
  68  6:00  Zergling x2  
  68  6:01  Zergling x6  
  72  6:07  Zergling x2  
  67  6:14  Drone  
  67  6:15  Drone x3  
  67  6:16  Zerg Missile Weapons Level 1  
  60  6:26  Zergling x2  
  60  6:27  Zergling x4  
  60  6:30  Hatchery  
  60  6:31  Lair  
  61  6:32  Extractor  
  61  6:35  Drone x3  
  63  6:43  Roach x3  
  63  6:48  Roach x2  
  63  6:57  Drone  
  63  6:58  Drone  
  63  6:59  Queen  
  61  7:01  Drone  
  61  7:03  Roach  
  61  7:07  Roach x2  
  64  7:13  Roach x2  
  68  7:18  Drone  
  68  7:19  Drone  
  70  7:22  Overlord  
  70  7:27  Drone  
  70  7:34  Roach x3, Ravager  
  70  7:36  Zerg Ground Armor Level 1  
  75  7:38  Drone  
  75  7:39  Drone  
  75  7:43  Roach  
  73  7:51  Roach  
  73  7:52  Roach x3  
  73  7:55  Roach  
  75  8:03  Queen  
  75  8:04  Drone x2  
  75  8:05  Drone  
  77  8:11  Glial Reconstitution  
  77  8:12  Zerg Missile Weapons Level 2  
  77  8:16  Drone x3  
  80  8:20  Drone x2  
  80  8:24  Drone x3  
  85  8:30  Drone x2  
  85  8:31  Ravager x2  
  89  8:34  Extractor, Drone  
  89  8:35  Drone x2  
  89  8:36  Ravager  
  89  8:37  Roach  
  94  8:42  Overlord  
  94  8:43  Roach  
  94  8:46  Roach x2  
  100  8:49  Overlord  
  100  8:52  Drone x2  
  100  8:55  Roach  
  104  8:57  Overlord  
  104  8:58  Overseer  
  104  9:01  Roach x2  
  104  9:02  Roach  
  110  9:08  Roach x2  
  114  9:11  Overlord  
  114  9:15  Extractor  
  114  9:16  Roach x4  
  121  9:19  Overlord  
  121  9:21  Roach  
  121  9:22  Roach  
  125  9:24  Overlord  
  125  9:31  Overlord  
  125  9:36  Roach  
  127  9:39  Roach  
  127  9:42  Roach x2  
  127  9:44  Ravager  
  127  9:45  Ravager  
  135  9:46  Overlord, Hatchery  
  135  9:48  Roach  
  135  9:51  Roach  
  135  9:52  Roach  
  140  9:54  Roach  
  142  10:00  Roach x3  
  148  10:07  Roach  
  148  10:08  Roach x3  
  156  10:16  Roach x3  
  156  10:17  Overlord x2  
  156  10:36  Roach x2  
  156  10:37  Roach x4  
  154  10:47  Roach  
  154  10:48  Roach x2  
  137  10:56  Roach x5  
  137  10:57  Roach  
  139  11:01  Roach  
  139  11:02  Roach x4  
  141  11:06  Roach x2  
  141  11:07  Roach  
  147  11:15  Roach  
  147  11:16  Roach x3  
Show
View Real Time Build Order
Export as new Build Order

Stephano Zerg 

Build Orders: Hatch First 

Get SALT Encoding   

  12  0:00  Drone  
  13  0:13  Overlord  
  13  0:18  Drone  
  14  0:31  Drone x2  
  16  0:48  Hatchery  
  15  0:52  Drone  
  15  0:55  Drone  
  17  0:59  Drone  
  18  1:08  Extractor  
  17  1:14  Spawning Pool  
  17  1:17  Drone  
  17  1:20  Drone  
  18  1:28  Drone  
  19  2:01  Queen x2  
  19  2:02  Zergling x8  
  26  2:13  Zergling x4  
  28  2:29  Drone x2  
  24  2:35  Spore Crawler  
  22  2:45  Drone  
  22  2:46  Drone  
  22  2:48  Metabolic Boost  
  25  2:54  Drone  
  26  2:58  Overlord  
  26  3:03  Drone  
  26  3:05  Drone  
  28  3:17  Drone x4  
  32  3:22  Drone  
  32  3:26  Drone x2  
  34  3:32  Overlord  
  34  3:48  Hatchery  
  33  3:52  Zergling x6  
  36  3:57  Drone x2  
  38  4:03  Drone x2  
  38  4:06  Overlord  
  39  4:11  Drone  
  39  4:15  Evolution Chamber  
  39  4:16  Drone x3  
  42  4:20  Drone  
  42  4:21  Overlord  
  43  4:25  Drone x2  
  43  4:28  Drone  
  46  4:32  Drone x2  
  46  4:35  Extractor  
  47  4:43  Zerg Missile Weapons Level 1, Extractor, Roach Warren  
  47  4:44  Drone  
  45  4:49  Queen  
  45  4:51  Drone  
  48  4:56  Overlord  
  46  5:03  Spine Crawler x2  
  46  5:06  Zergling x6  
  47  5:23  Roach x6  
  47  5:25  Roach  
  47  5:27  Overlord  
  61  5:30  Roach  
  61  5:32  Roach  
  66  5:38  Roach  
  66  5:39  Spine Crawler  
  66  5:41  Zergling x4  
  64  5:45  Roach  
  64  5:48  Roach x2  
  64  5:49  Zergling x2  
  66  5:50  Zergling x2  
  66  5:56  Roach x2  
  63  6:01  Zergling x8  
  65  6:08  Roach  
  59  6:13  Roach  
  59  6:16  Zergling x2  
  59  6:17  Zergling x8  
  60  6:21  Roach  
  55  6:28  Zergling x2  
  55  6:30  Zergling x4, Queen  
  59  6:41  Roach x3  
  59  6:46  Queen  
  63  6:48  Roach  
  63  6:51  Roach  
  63  6:53  Drone  
  62  7:00  Drone x2  
  63  7:02  Drone  
  63  7:06  Queen  
  65  7:10  Lair  
  65  7:12  Overlord  
  65  7:16  Overlord  
  65  7:21  Extractor, Drone x2  
  66  7:26  Drone x2  
  66  7:37  Drone x3  
  68  7:50  Roach x4  
  68  7:51  Roach  
  74  7:54  Drone x2  
  68  7:58  Drone  
  67  8:06  Drone x3  
  66  8:14  Glial Reconstitution  
  66  8:16  Roach x2  
  70  8:21  Roach x2  
  70  8:23  Drone x2  
  74  8:29  Drone x4  
  74  8:30  Drone x2  
  74  8:32  Extractor  
  74  8:33  Extractor  
  78  8:34  Overlord x2  
  78  8:35  Overlord  
  78  8:40  Zerg Missile Weapons Level 2  
  78  8:43  Overlord  
  78  8:50  Roach  
  78  8:51  Roach  
  78  8:52  Overlord  
  82  8:57  Drone x4  
  82  8:58  Drone  
  82  8:59  Roach  
  82  9:01  Drone  
  82  9:02  Roach  
  92  9:05  Roach  
  92  9:08  Ravager x2  
  96  9:12  Roach x2  
  96  9:16  Roach x2  
  106  9:24  Roach x4  
  106  9:26  Overlord, Unknown  
  112  9:31  Overlord  
  112  9:35  Overlord  
  112  9:42  Hatchery  
  112  9:43  Overlord  
  111  9:47  Roach  
  111  9:51  Roach x3  
  119  9:57  Roach  
  119  9:58  Roach x3  
  127  10:02  Roach  
  127  10:03  Roach  
  127  10:06  Roach x2  
  135  10:10  Ravager x2  
  135  10:11  Ravager  
  135  10:12  Overlord x2  
  138  10:18  Overlord  
  138  10:23  Overlord  
  138  10:30  Roach x2  
  138  10:32  Roach x5  
  142  10:39  Roach x2  
  142  10:40  Roach x2  
  126  10:46  Roach x3  
  118  10:50  Roach x2  
  118  10:56  Roach x3  
  99  11:00  Roach  
  99  11:01  Roach x2  
  94  11:05  Roach x2  
  94  11:10  Roach x2  
  95  11:16  Roach x2  
Tags
 
Add a new tag
Caveats
  • Supply blocks, unpowered buildings, or Contaminate may cause inaccurate times.
  • Supply counts are checked every 10 seconds.